 Dungeon Crawl Stone Soup version 0.28.0 (webtiles) character file.

Game seed: 14830656136480200058

189 Lambsauce the Covered (level 5, 0/46 HPs)
             Began as a Minotaur Fighter on Feb 12, 2022.
             Succumbed to ooooo's ghost's poison
             ... on level 3 of the Dungeon.
             The game lasted 00:08:28 (3564 turns).

Lambsauce the Covered (Minotaur Fighter)            Turns: 3564, Time: 00:08:29

Health: 0/46       AC:  8    Str: 22    XL:     5   Next: 40%
Magic:  4/4        EV: 10    Int:  5    God:
Gold:   253        SH:  4    Dex: 10    Spells: 4/4 levels left

rFire   + . .      SeeInvis .   g - +1 short sword (venom)
rCold   + . .      Faith    .   c - +0 buckler
rNeg    . . .      Spirit   .   b - +0 scale mail
rPois   +          Reflect  .   (helmet restricted)
rElec   +          Harm     .   f - +0 cloak
rCorr   +          Rampage  .   (no gloves)
Will    .....                   (no boots)
Stlth   ..........              (no amulet)
HPRegen 0.15/turn               (no ring)
MPRegen 0.09/turn               (no ring)

@: lethally poisoned (0 -> -3), resistant
A: horns 2, retaliatory headbutt
a: no special abilities


You were on level 3 of the Dungeon.
You visited 1 branch of the dungeon, and saw 3 of its levels.

You collected 253 gold pieces.

Inventory:

Hand Weapons
 a - a +0 long sword
 g - a +1 short sword of venom (weapon)
 m - a +3 halberd
Missiles
 h - 8 poisoned darts (quivered)
Armour
 b - a +0 scale mail (worn)
 c - a +0 buckler (worn)
 f - a +0 cloak (worn)
Potions
 d - 2 potions of might
 j - a potion of haste
 k - a potion of brilliance


   Skills:
 + Level 4.1 Fighting
 + Level 1.4(2.5) Short Blades
 + Level 3.7(3.9) Long Blades
 + Level 5.0 Armour
 + Level 2.0 Dodging
 + Level 0.2 Stealth
 + Level 4.4 Shields


You had 4 spell levels left.
You didn't know any spells.
Your spell library contained the following spells:

 Spells                   Type           Power      Damage    Failure   Level
 Animate Skeleton         Necr           0%         N/A       86%         1
 Pain                     Necr           0%         1d4       86%         1
 Sandblast                Erth           0%         2d4       86%         1
 Vampiric Draining        Necr           0%         2d6       99%         3


Dungeon Overview and Level Annotations

Branches:
Dungeon (3/15)

Altars:
Elyvilon
Wu Jian
Beogh

Annotations:
D:3 1 transporter, ooooo's ghost, amateur OpCj


Innate Abilities, Weirdness & Mutations

You have a pair of horns on your head.
You reflexively headbutt those who attack you in melee.


Message History

Ooooo's ghost stares at you and mumbles some strange words.
The magic dart hits you.
You hit the orc but do no damage.
You feel sick. Ooooo's ghost barely misses you. The orc closely misses you.
You hit the orc but do no damage.
The orc is poisoned.
Your headbutt misses the orc.
You feel very sick.
Ooooo's ghost hits you but does no damage.
You are more poisoned.
You block the orc's attack.
You closely miss the orc.
You feel very sick.
Ooooo's ghost stares at you and mumbles some strange words.
The magic dart hits you!
* * * LOW HITPOINT WARNING * * *
The orc barely misses you.
As you read the scroll of teleportation, it crumbles to dust.
You feel strangely unstable.
* * * LOW HITPOINT WARNING * * *
You feel very sick. Ooooo's ghost closely misses you.
The orc hits you but does no damage.
The sky beast flickers out of sight!
Deactivating autopickup; reactivate with Ctrl-A.
* * * LOW HITPOINT WARNING * * *
You feel very sick.
* * * LOW HITPOINT WARNING * * *
You feel sick.
You kill the orc!
You block ooooo's ghost's attack.
* * * LOW HITPOINT WARNING * * *
You feel sick. The kobold hits you but does no damage.
Your surroundings suddenly seem different.
* * * LOW HITPOINT WARNING * * *
You feel sick.
You feel protected.
* * * LOW HITPOINT WARNING * * *
You feel sick.
* * * LOW HITPOINT WARNING * * *
You feel sick.
You die...

..############ #.#
.............# #.#
..#.#..#.....# #.#
..#.##..#....#### #.#
..#.##..........# #.#
....##.##.##.##.###.#
.......##.##.##..##.#
#...##..............#
#...#####....##.@...#
#.≈.## #....##.....#
#.≈.≈## #...........#
#.≈...####.#.##.(#..#
..≈..........##.#...#
..≈........#........#
..≈≈≈....<......###.#
##≈############## #.#
### #.#


There were no monsters in sight!

Vanquished Creatures
  An orc priest (D:3)
  An orc wizard (D:3)
  3 gnolls (D:3)
  3 adders
  2 worms (D:2)
  7 orcs (D:3)
  5 ball pythons
  5 endoplasms
  3 giant cockroaches
  5 hobgoblins
  5 jackals (D:2)
  11 kobolds
  A quokka (D:1)
  3 bats
  4 frilled lizards
  5 goblins
  4 rats
68 creatures vanquished.

Vanquished Creatures (others)
  3 fungi (D:1)
  2 plants (D:1)
5 creatures vanquished.

Grand Total: 73 creatures vanquished

Notes
Turn   | Place    | Note
-------+----------+-------------------------------------------
     0 | D:1      | Lambsauce the Minotaur Fighter began the quest for the Orb.
     0 | D:1      | Reached XP level 1. HP: 19/19 MP: 0/0
   131 | D:1      | Reached XP level 2. HP: 27/27 MP: 1/1
   140 | D:1      | Reached skill level 4 in Armour
   568 | D:1      | Found a faded altar of an unknown god.
   576 | D:1      | Got Plato's Disquisition on Stones
  1014 | D:2      | Reached XP level 3. HP: 33/33 MP: 2/2
  1323 | D:2      | Reached skill level 1 in Dodging
  1859 | D:2      | You fall into a shaft and drop 1 floor!
  1951 | D:3      | Found a transporter.
  1952 | D:3      | Noticed a sky beast
  1952 | D:3      | Noticed ooooo's ghost (amateur OpCj)
  1970 | D:3      | Found a transporter.
  1991 | D:3      | Reached XP level 4. HP: 25/40 MP: 3/3
  2116 | D:3      | Found a white marble altar of Elyvilon.
  2542 | D:3      | Found an ornate altar of the Wu Jian Council.
  2607 | D:3      | Reached skill level 1 in Short Blades
  2607 | D:3      | Reached XP level 5. HP: 46/46 MP: 4/4
  2732 | D:3      | Reached skill level 5 in Armour
  3561 | D:3      | HP: 2/46 [poisoned by ooooo's ghost]
  3564 | D:3      | Succumbed to ooooo's ghost's poison

Illustrated notes

Levels and vault maps discovered:
D:1:      saegor_arrival_simple_d, layout_loops_ring,
          shapermc_ecumenical_altar_rom_forum
D:2:      layout_basic
D:3:      layout_basic, nzn_wu_jian_council_hall, elyvilon_altar_1,
          gammafunk_ghost_arena, serial_rivers, chequers_serial_rivers_micro_e,
          chequers_serial_rivers_small_a, chequers_serial_rivers_small_a,
          chequers_serial_rivers_large_a, chequers_serial_rivers_small_b,
          hangedman_abyss_or_decor_lesser_grid, kennysheep_orc_chapel

Skill      XL: |  1  2  3  4  5 |
---------------+----------------+-----
Armour         | 4 5 |  5.0
Shields        | 4 |  4.4
Dodging        | 1 2 |  2.0
Long Blades    | 3 |  3.7
Fighting       | 4 |  4.1
Short Blades   | 1 |  1.4
Stealth        | |  0.2

Action                   |  1- 3 |  4- 6 || total
-------------------------+-------+-------++-------
Melee: Long sword        |    70 |       ||    70
       Headbutt          |    15 |     7 ||    22
       Short sword       |    37 |    55 ||    92
  Use: Scroll            |     4 |     3 ||     7
       Potion            |     1 |     1 ||     2
Armor: Scale mail        |    49 |    48 ||    97
Dodge: Dodged            |    47 |    50 ||    97
Block: Buckler           |    30 |    16 ||    46
